 Dungeon Crawl Stone Soup version 0.24.1-4-ge52af88ad5 (webtiles) character file.

Game seed: 2253779520081896506, levelgen mode: deterministic

240 Gruesph the Insei (level 5, -11/40 HPs)
             Began as a Draconian Transmuter on Apr 15, 2020.
             Engulfed by a cloud of flame (21 damage)
             ... on level 4 of the Dungeon.
             The game lasted 00:13:44 (3496 turns).

Gruesph the Insei (Draconian Transmuter)            Turns: 3496, Time: 00:13:45

Health: -11/40     AC:  6    Str: 12    XL:     5   Next: 79%
Magic:  8/8        EV: 12    Int: 14    God:
Gold:   141        SH:  0    Dex: 12    Spells: 2/8 levels left

rFire    . . .     SeeInvis .     - Unarmed
rCold    . . .     Gourm    .   (no shield)
rNeg     . . .     Faith    .   (armour unavailable)
rPois    .         Spirit   .   (helmet restricted)
rElec    .         Reflect  .   (no cloak)
rCorr    .         Harm     .   d - +0 pair of gloves
MR       .....                  (no boots)
Stlth    ++........             (no amulet)
HPRegen  0.13/turn              e - ring of stealth
MPRegen  0.11/turn              (no ring)

@: no status effects
A: unfitting armour, cold-blooded, AC +5
a: no special abilities


You were on level 4 of the Dungeon.
You were not hungry.

You visited 1 branch of the dungeon, and saw 4 of its levels.

You collected 141 gold pieces.

Inventory:

Hand Weapons
 b - a +0 hunting sling
Missiles
 a - 23 arrows
 g - 41 stones (quivered)
 h - 5 curare-tipped darts
 l - 26 sling bullets
Armour
 d - a +0 pair of gloves (worn)
Jewellery
 e - a ring of stealth (left hand)
 q - a cursed amulet of inaccuracy
Scrolls
 i - 2 scrolls of identify
 j - 2 scrolls of teleportation
 p - a scroll of blinking {unknown}
 r - 3 scrolls of remove curse
 s - a scroll of fear {unknown}
Potions
 c - a potion of curing
 o - a potion of might
Comestibles
 f - 7 rations


   Skills:
 - Level 1.1 Fighting
 - Level 1.7 Dodging
 + Level 5.6 Unarmed Combat
 - Level 2.0 Spellcasting
 - Level 3.1 Transmutations
 + Level 2.0 Poison Magic


You had 2 spell levels left.
You knew the following spells:

 Your Spells              Type           Power        Failure   Level  Hunger
a - Beastly Appendage     Tmut           ##....       7%          1    ##.....
b - Sticks to Snakes      Tmut           ##......     10%         2    ###....
c - Spider Form           Tmut/Pois      #.........   24%         3    ####...

Your spell library contained the following spells:

 Spells                   Type           Power        Failure   Level  Hunger
 Magic Dart               Conj           #...         24%         1    ##.....
 Blink                    Tloc           N/A          34%         2    ###....
 Call Imp                 Summ           #.......     34%         2    ###....
 Slow                     Hex            #.......     34%         2    ###....
 Mephitic Cloud           Conj/Pois/Air  #.......     47%         3    ####...
 Conjure Flame            Conj/Fire      #.......     56%         3    ####...
 Ice Form                 Ice/Tmut       #.......     77%         4    #####..
 Blade Hands              Tmut           ##........   88%         5    ######.


Dungeon Overview and Level Annotations

Branches:
Dungeon (4/15)
 Temple: D:4-7

Altars:
The Shining One


Innate Abilities, Weirdness & Mutations

Your plain brown scales are hard. (AC +5)
You cannot fit into any form of body armour.
You are cold-blooded and may be slowed by cold attacks.


Message History

You barely miss the adder. You tail-slap the adder.
The adder is heavily wounded.
The adder bites you but does no damage. x2
You miss the adder. You tail-slap the adder.
The adder is almost dead.
The adder bites you but does no damage.
You miss the adder.
The adder is almost dead.
The adder barely misses you.
You barely miss the adder.
The adder is almost dead.
The adder bites you but does no damage.
You barely miss the adder. You tail-slap the adder.
The adder explodes!
The fiery explosion engulfs you!!
Ouch! That really hurt!
* * * LOW HITPOINT WARNING * * *
You are engulfed in blazing flames.
Ouch! That really hurt!
You die...

###########
#.........#
#....§@§..#
#....§.§..#
#....§.§..#
#.........#
#.........#
#.........#
########.##
.#


There were no monsters in sight!

Vanquished Creatures
  An orc priest (D:3)
  A worker ant (D:4)
  2 orc wizards (D:3)
  A hound skeleton (D:3)
  3 adders
  An ooze (D:3)
  A worm (D:3)
  4 dart slugs
  A leopard gecko (D:2)
  9 orcs (D:3)
  5 giant cockroaches
  7 goblins
  2 hobgoblins (D:3)
  3 jackals (D:3)
  6 kobolds
  A quokka (D:2)
  A ball python (D:2)
  9 bats
  2 frilled lizards
  6 rats
66 creatures vanquished.

Vanquished Creatures (collateral kills)
  2 adders (D:3)
  A hobgoblin (D:3)
3 creatures vanquished.

Grand Total: 69 creatures vanquished

Notes
Turn   | Place    | Note
-------+----------+-------------------------------------------
     0 | D:1      | Gruesph the Draconian Transmuter began the quest for the
                  | Orb.
     0 | D:1      | Reached XP level 1. HP: 16/16 MP: 3/3
   265 | D:1      | Reached XP level 2. HP: 13/23 MP: 3/5
   269 | D:1      | Learned a level 2 spell: Sticks to Snakes
   911 | D:2      | Reached skill level 4 in Unarmed Combat
   914 | D:2      | Found a glowing golden altar of the Shining One.
   998 | D:2      | Reached XP level 3. HP: 25/28 MP: 6/6
  1275 | D:2      | Learned a level 3 spell: Spider Form
  1936 | D:3      | Reached skill level 1 in Poison Magic
  1936 | D:3      | Reached XP level 4. HP: 22/35 MP: 2/7
  2471 | D:3      | Reached skill level 5 in Unarmed Combat
  2923 | D:3      | Reached XP level 5. HP: 40/40 MP: 6/8
  3496 | D:4      | Engulfed by a cloud of flame

Levels and vault maps discovered:
D:1:      eino_arrival_water_cross, layout_loops_ring, hangedman_decor_push
D:2:      layout_loops_ring, serial_forest, infiniplex_forest_clump_small,
          infiniplex_forest_straight_2, infiniplex_forest_clump_diagonal,
          infiniplex_forest_clump_double, first_ration,
          nicolae_tso_carved_into_rock
D:3:      layout_basic, minmay_misc_feat_tiny
D:4:      layout_basic, makhleb_altar_promises_db, uniq_pikel

Skill      XL: |  1  2  3  4  5 |
---------------+----------------+-----
Unarmed Combat | 4 5 |  5.6
Poison Magic   | 1 2 |  2.0
Transmutations | 3 |  3.1
Fighting       | |  1.1
Dodging        | |  1.7
Spellcasting   | |  2.0

Action                   |  1- 3 |  4- 6 || total
-------------------------+-------+-------++-------
Melee: Unarmed           |   190 |   141 ||   331
       Tailslap          |    21 |    18 ||    39
       Punch             |     8 |     2 ||    10
       Kick              |     1 |     9 ||    10
       Headbutt          |       |     4 ||     4
 Fire: Hunting sling     |     2 |       ||     2
 Cast: Beastly Appendage |     2 |    11 ||    13
       Sticks to Snakes  |     2 |     6 ||     8
  Use: Scroll            |       |     7 ||     7
       Potion            |       |     1 ||     1
 Stab: Sleeping          |     2 |     1 ||     3
  Eat: Chunk             |     3 |     3 ||     6
       Ration            |       |     1 ||     1
Armor: Skin              |    34 |    45 ||    79
Dodge: Dodged            |    75 |    85 ||   160
